Map: Acolyte LE

Players

Metasapien

  • Race: Zerg Zerg
  • League: Platinum
  • Spawn Location: 7:00

Tuki - Winner!

  • Race: Terran Terran
  • League: Platinum
  • Spawn Location: 1:00

VOD

Have the link to the VOD?

Description

Time

  • Played on: Sept. 16, 2017, 7:59 p.m.
  • Length: 16:09
Show
View Real Time Build Order
Export as new Build Order

Metasapien Zerg 

Build Orders: Hatch First 

Get SALT Encoding   

  12  0:01  Drone  
  13  0:13  Overlord  
  13  0:18  Drone  
  14  0:26  Drone, Extractor  
  14  0:34  Drone  
  14  0:35  Drone  
  17  0:55  Hatchery  
  16  0:57  Drone  
  16  1:01  Drone  
  18  1:08  Extractor  
  17  1:17  Spawning Pool  
  16  1:21  Drone  
  16  1:23  Drone  
  18  1:30  Drone  
  19  1:43  Overlord  
  19  1:50  Drone  
  20  2:01  Drone  
  20  2:04  Queen  
  23  2:12  Drone, Queen  
  26  2:19  Drone  
  27  2:29  Drone, Roach Warren  
  27  2:31  Drone x2  
  27  2:35  Metabolic Boost  
  29  2:47  Drone  
  29  2:50  Extractor  
  29  2:58  Drone  
  29  2:59  Drone x2, Extractor  
  29  3:03  Drone x2  
  33  3:11  Overlord  
  33  3:14  Overlord  
  33  3:24  Drone  
  33  3:25  Drone x2  
  36  3:29  Overlord  
  36  3:34  Drone x3  
  36  3:38  Extractor  
  38  3:48  Lair  
  38  3:50  Hatchery  
  37  3:56  Overlord  
  37  3:57  Roach x2  
  37  3:58  Roach  
  37  4:01  Roach  
  45  4:09  Drone  
  46  4:10  Drone x3  
  49  4:23  Roach  
  49  4:24  Roach  
  53  4:26  Roach  
  53  4:28  Overlord  
  55  4:31  Drone x2  
  57  4:51  Hydralisk Den  
  56  4:53  Evolution Chamber  
  56  4:56  Roach x4  
  56  4:57  Roach  
  65  5:00  Glial Reconstitution  
  65  5:05  Drone x3  
  69  5:07  Drone  
  69  5:13  Queen  
  71  5:16  Drone  
  71  5:17  Drone  
  73  5:29  Overseer  
  73  5:31  Hydralisk x3  
  79  5:40  Zerg Ground Armor Level 1  
  79  5:41  Drone x2  
  81  5:53  Drone  
  81  5:55  Spore Crawler  
  81  5:59  Spine Crawler  
  81  6:00  Drone  
  81  6:04  Evolution Chamber, Roach  
  81  6:09  Pneumatized Carapace  
  82  6:20  Overlord x3  
  82  6:25  Extractor  
  82  6:27  Queen, Extractor  
  82  6:40  Ravager x3  
  82  6:44  Hydralisk x2  
  82  6:45  Hydralisk x3  
  82  6:46  Roach x3, Hydralisk  
  103  6:50  Ravager  
  98  7:08  Nydus Network  
  97  7:15  Drone x2  
  97  7:16  Drone x3  
  97  7:17  Drone x3  
  97  7:18  Drone  
  97  7:19  Overlord x2  
  97  7:20  Overlord  
  102  7:50  Hydralisk  
  102  7:51  Hydralisk x3, Roach x7  
  111  7:52  Roach  
  123  8:11  Zerg Missile Weapons Level 1  
  123  8:24  Drone x2  
  123  8:25  Drone  
  126  8:27  Muscular Augments  
  126  8:45  Nydus Canal  
  126  8:49  Hydralisk  
  126  8:50  Roach  
  126  8:51  Overlord  
  126  8:52  Overlord x5  
  130  9:03  Overseer  
  130  9:15  Roach, Hydralisk x4  
  130  9:16  Roach x6, Hydralisk  
  72  9:54  Roach x3, Hydralisk x2  
  72  9:55  Roach  
  69  10:14  Roach x3, Hydralisk x2  
  65  10:15  Roach  
  36  10:42  Hydralisk  
  36  10:43  Hydralisk x4  
  15  11:39  Hatchery  
  14  11:46  Hatchery  
  9  12:57  Drone  
  10  13:02  Drone  
  10  13:04  Drone  
  12  13:10  Drone  
  13  13:22  Spawning Pool  
  10  13:30  Drone x2  
  10  13:41  Drone  
  11  13:52  Drone  
  12  14:04  Drone  
  13  14:13  Queen  
  10  14:28  Drone x2  
  12  14:39  Drone  
  11  14:46  Extractor  
  11  14:47  Drone  
  11  14:59  Drone  
  12  15:09  Drone  
  12  15:10  Lair  
  13  15:17  Drone  
  14  15:21  Drone  
  14  15:27  Zergling x4  
  17  15:32  Drone  
  18  15:42  Zergling x2  
  19  15:50  Spine Crawler  
  19  15:53  Spine Crawler  
  19  15:56  Spine Crawler  
  16  16:03  Spore Crawler  
Show
View Real Time Build Order
Export as new Build Order

Tuki Terran - Winner!

Build Orders: MMM Bio 

Get SALT Encoding   

  12  0:01  SCV  
  13  0:13  SCV  
  14  0:24  Supply Depot  
  14  0:25  SCV  
  15  0:30  Refinery  
  15  0:45  SCV  
  15  0:49  Barracks  
  16  0:57  SCV  
  17  1:04  Supply Depot  
  17  1:10  SCV  
  18  1:22  SCV  
  19  1:28  Refinery  
  19  1:37  Factory  
  19  1:54  Barracks Reactor  
  19  2:08  SCV  
  19  2:09  Command Center  
  20  2:21  SCV  
  21  2:33  SCV  
  22  2:38  Barracks  
  22  2:41  Widow Mine  
  22  2:43  Barracks Reactor  
  24  2:45  Widow Mine  
  24  2:50  SCV  
  27  3:04  Orbital Command  
  27  3:24  Hellion  
  27  3:25  Hellion  
  31  3:29  Armory  
  31  3:35  Orbital Command  
  31  3:39  Barracks Tech Lab  
  31  3:50  Marine x2  
  33  4:00  Stimpack  
  33  4:01  Marauder  
  35  4:06  SCV  
  35  4:08  Marine x2  
  38  4:18  SCV  
  38  4:22  Starport  
  39  4:27  Marauder  
  39  4:28  Marine  
  39  4:29  Marine  
  39  4:30  SCV  
  44  4:40  Barracks  
  44  4:42  SCV  
  45  4:54  Supply Depot  
  45  4:55  SCV  
  48  5:00  Hellion, Supply Depot  
  48  5:01  Hellion  
  48  5:03  Starport Reactor  
  50  5:08  SCV  
  50  5:14  Refinery  
  51  5:17  Refinery  
  51  5:20  SCV  
  52  5:25  Marine x2  
  52  5:26  Liberator  
  54  5:29  Liberator  
  54  5:30  Barracks Reactor  
  54  5:32  SCV  
  55  5:36  Factory  
  61  5:56  Marine  
  61  5:57  Marine x2  
  62  6:00  Combat Shields  
  62  6:02  Engineering Bay  
  64  6:05  SCV  
  64  6:10  SCV  
  66  6:14  Marine x2  
  68  6:21  Factory Tech Lab  
  68  6:22  SCV  
  69  6:26  Barracks  
  69  6:31  Terran Infantry Weapons Level 1  
  69  6:34  SCV  
  69  6:35  Supply Depot  
  70  6:57  Siege Tank  
  73  7:01  Supply Depot  
  75  7:10  Medivac x2  
  77  7:25  Marine x6  
  77  7:29  Siege Tank  
  86  7:42  Marine  
  86  7:43  Marine x3  
  89  8:07  Barracks Reactor  
  89  8:09  Medivac  
  89  8:10  Medivac  
  89  8:11  Marine x3  
  89  8:12  Marine x2  
  98  8:20  Command Center  
  98  8:52  Viking x2  
  102  8:58  Terran Infantry Weapons Level 2, Supply Depot  
  96  9:10  Marine x6  
  100  9:20  Supply Depot  
  100  9:22  Viking  
  100  9:43  Supply Depot  
  65  10:47  Marine x3  
  65  10:48  Marine x3  
  71  10:50  Cyclone x2  
  76  11:05  Marine  
  71  11:22  Cyclone  
  71  11:35  Planetary Fortress  
  63  11:50  Marine x5  
  68  12:21  Orbital Command  
  68  15:11  Supply Depot  
  68  15:15  Supply Depot  
  68  15:34  Supply Depot  
  68  15:36  SCV  
  68  15:39  Supply Depot  
  69  15:48  SCV  
  70  15:56  Supply Depot  
Tags
 
Add a new tag
Caveats
  • Supply blocks, unpowered buildings, or Contaminate may cause inaccurate times.
  • Supply counts are checked every 10 seconds.